 Dungeon Crawl Stone Soup version 0.32-a0-841-g4648e6c457 (webtiles) character file.

Game seed: 9267912737567391379

1546 Alarak the Thaumaturge (level 9, -4/55 HPs)
             Began as a Djinni Fire Elementalist on Mar 27, 2024.
             Killed by an exploding Duvessa (9 damage)
             ... ignited by their inner flame
             ... on level 4 of the Dungeon.
             The game lasted 00:09:26 (4866 turns).

Alarak the Thaumaturge (Djinni Fire Elementalist)   Turns: 4866, Time: 00:09:26

Health: -4/55      AC:  3    Str:  7    XL:     9   Next: 11%
Gold:   238        EV: 17    Int: 20    God:
                   SH:  0    Dex: 21

rFire   + + .        k - staff of air
rCold   x . .        (no shield)
rNeg    . . .        a - +1 robe
rPois   ∞            (no helmet)
rElec   +            (no cloak)
rCorr   .            (no gloves)
SInv    .            (boots unavailable)
Will    .....        (no amulet)
Stlth   ++           r - +6 ring of dexterity
HPRegen 0.29/turn    t - +5 ring of evasion
MPRegen 0.00/turn

%: infuse magic (-5 HP)
@: flying
A: sickness immunity, fire resistance 2, cold vulnerability 1, float, innate
caster, HP casting, extra vitality 1
a: no special abilities


You were on level 4 of the Dungeon.
You visited 1 branch of the dungeon, and saw 4 of its levels.
You also visited: Sewer.

You collected 238 gold pieces.

Inventory:

Armour
 a - a +1 robe (worn)
Magical Staves
 b - a staff of alchemy
 k - a staff of air (weapon)
Jewellery
 g - a ring of positive energy
 r - a +6 ring of dexterity (left hand)
 t - a +5 ring of evasion (right hand)
Wands
 o - a wand of flame (18)
Scrolls
 d - 2 scrolls of teleportation
 f - 2 scrolls of revelation
 i - 2 scrolls of amnesia
 n - 3 scrolls of identify
 q - a scroll of fear
 s - a scroll of butterflies {unknown}
 v - a scroll of enchant weapon {unknown}
 x - a scroll of fog {unknown}
Potions
 c - a potion of haste {unknown}
 e - a potion of ambrosia {unknown}
 h - 2 potions of attraction
 j - a potion of brilliance {unknown}
 l - 2 potions of enlightenment {unknown}
 m - a potion of resistance {unknown}
 p - 2 potions of magic {unknown}
 u - a potion of lignification {unknown}
 w - 2 potions of mutation {unknown}


   Skills:
 - Level 2.7 Dodging
 - Level 2.0 Stealth
 + Level 8.9 Spellcasting
 + Level 8.9 Conjurations
 + Level 8.9 Hexes
   Level 0.0 Charms
 + Level 8.9 Summonings
 + Level 8.9 Necromancy
 + Level 8.9 Translocations
   Level 0.0 Transmutations
 + Level 8.9 Fire Magic
 + Level 8.9 Ice Magic
 + Level 8.9 Air Magic
 + Level 8.9 Earth Magic
 + Level 8.9 Alchemy


You knew the following spells:

 Your Spells              Type           Power      Damage    Failure   Level
a - Foxfire               Conj/Fire      100%       2x1d9     1%          1
b - Scorch                Fire           88%        2d8       1%          2
c - Volatile Blastmotes   Fire/Tloc      88%        2d17      1%          3
d - Inner Flame           Hex/Fire       44%        N/A       1%          3
e - Flame Wave            Conj/Fire      44%        2d11      1%          4
f - Sting                 Conj/Alch      100%       1d9       1%          1
g - Lesser Beckoning      Tloc           88%        N/A       1%          2
h - Gell's Gravitas       Tloc           44%        N/A       1%          3
i - Hailstorm             Conj/Ice       44%        3d9       1%          3
Your spell library was empty.

Dungeon Overview and Level Annotations

Branches:
Dungeon (4/15)              Sewer (visited)
 Temple: D:4-7

Altars:
Okawaru
Ru
Zin


Innate Abilities, Weirdness & Mutations

You are immune to sickness and miasma.
You are immune to poison.
Your flesh is very heat resistant. (rF++)
You are vulnerable to cold. (rC-)
You float through the air rather than walking.
You learn spells naturally, not from books.
Your magical power is your life essence.
You have superior vitality. (+4 MHP)


Message History

Duvessa's fire resistance burns away.
The foxfire hits Duvessa but does no damage.
Duvessa is moderately wounded.
Duvessa is engulfed in blazing flames.
Flame seeps out of Duvessa.
The foxfire hits Duvessa but does no damage.
Duvessa is heavily wounded.
Casting: Scorch (safe; 1% risk of failure)
Confirm with . or Enter, or press ? or * to list all spells.
You can't see any susceptible monsters within range! (Use Z to cast anyway.) Unknown command.
Casting: Scorch (safe; 1% risk of failure)
Confirm with . or Enter, or press ? or * to list all spells.
Flames lash Duvessa.
Duvessa is burned terribly!
Flame seeps out of Duvessa.
Duvessa is heavily wounded.
Your foxfire dissipates!
Duvessa is engulfed in blazing flames.
Flame seeps out of Duvessa.
Unknown command.
Casting: Scorch (safe; 1% risk of failure)
Confirm with . or Enter, or press ? or * to list all spells.
Flames lash Duvessa but do no damage.
Duvessa hits you with a +0 short sword! x2
Unknown command.
Casting: Scorch (safe; 1% risk of failure)
Confirm with . or Enter, or press ? or * to list all spells.
Flames lash Duvessa.
Duvessa is burned terribly!
Flame seeps out of Duvessa.
Duvessa is severely wounded.
Duvessa is engulfed in blazing flames.
Flame seeps out of Duvessa.
Duvessa hits you with a +0 short sword!
* * * LOW HITPOINT WARNING * * *
Unknown command.
Okay, then.
Okay, then.
Casting: Scorch (safe; 1% risk of failure)
Confirm with . or Enter, or press ? or * to list all spells.
Flames lash Duvessa.
Duvessa is burned terribly!
Flame seeps out of Duvessa.
Duvessa is almost dead.
* * * LOW HITPOINT WARNING * * *
Duvessa is engulfed in blazing flames.
Duvessa explodes!
The fiery explosion engulfs you! You resist.
You die...

###.# #.##.#
#.##.#.# #.# #.##.#
#.##.#.# #.#
#.##.###.##.#.# #.#
#[.....#.#..#.#
#.###......#.#.##.#
#..........#....#.#
###....#....§# #..#
....##.#.....###..#
######.##.......@§#
#.##......§○§..#
#.##.#######§###
#.##.# )#
#####.##.# .#
#....#...# .#
#?###.#### .# #)#
#.# .# #†# #.#


There were no monsters in sight!

Vanquished Creatures
  Pikel (D:4)
  Grinder (D:4)
  Sigmund (D:4)
  Menkaure (D:4)
  Duvessa (D:4)
  2 bullfrogs (Sewer)
  2 scorpions (D:4)
  Dowan (D:4)
  A hound (D:4)
  An iguana (D:4)
  Robin (D:3)
  8 adders
  4 river rats (Sewer)
  2 dart slugs (D:3)
  A ribbon worm (D:3)
  3 orcs
  2 bats (D:1)
  16 endoplasms
  10 giant cockroaches
  20 goblins
  8 hobgoblins
  3 jackals (D:3)
  8 kobolds
  5 quokkas
  25 ball pythons
  4 frilled lizards (Sewer)
  28 rats
160 creatures vanquished.

Vanquished Creatures (others)
  653 foxfires
653 creatures vanquished.

Grand Total: 813 creatures vanquished

Notes
Turn   | Place    | Note
-------+----------+-------------------------------------------
     0 | D:1      | Alarak the Djinni Fire Elementalist began the quest for the
                  | Orb.
     0 | D:1      | Alarak set off with the following spells memorised:
                  | Foxfire, Scorch, Volatile Blastmotes, Inner Flame, Flame
                  | Wave.
     0 | D:1      | Reached XP level 1. HP: 15/15 MP: 0/0
    73 | D:1      | Reached XP level 2. HP: 14/21 MP: 0/0
   280 | D:1      | Found a faded altar of an unknown god.
   529 | D:1      | Reached XP level 3. HP: 23/25 MP: 0/0
   529 | D:1      | Learned a level 1 spell: Sting
  1798 | D:2      | Reached XP level 4. HP: 27/31 MP: 0/0
  2613 | D:3      | Found an iron altar of Okawaru.
  2939 | D:3      | Found a glowing silver altar of Zin.
  2940 | D:3      | Found a sacrificial altar of Ru.
  3056 | D:3      | Noticed Robin
  3060 | D:3      | Reached XP level 5. HP: 31/35 MP: 0/0
  3060 | D:3      | Learned a level 2 spell: Lesser Beckoning
  3064 | D:3      | Killed Robin
  3324 | D:4      | Reached skill level 5 in Spellcasting
  3324 | D:4      | Reached skill level 5 in Conjurations
  3324 | D:4      | Reached skill level 5 in Hexes
  3324 | D:4      | Reached skill level 5 in Summonings
  3324 | D:4      | Reached skill level 5 in Necromancy
  3324 | D:4      | Reached skill level 5 in Translocations
  3324 | D:4      | Reached skill level 5 in Fire Magic
  3324 | D:4      | Reached skill level 5 in Ice Magic
  3324 | D:4      | Reached skill level 5 in Air Magic
  3324 | D:4      | Reached skill level 5 in Earth Magic
  3324 | D:4      | Reached skill level 5 in Alchemy
  3324 | D:4      | Reached XP level 6. HP: 29/40 MP: 0/0
  3490 | D:4      | Noticed Pikel
  3498 | D:4      | Killed Pikel
  3499 | D:4      | Reached XP level 7. HP: 33/45 MP: 0/0
  3499 | D:4      | Learned a level 3 spell: Gell's Gravitas
  3591 | D:4      | Reached XP level 8. HP: 47/50 MP: 0/0
  3609 | D:4      | Noticed Sigmund
  3614 | D:4      | Killed Sigmund
  3627 | D:4      | Noticed Menkaure
  3630 | D:4      | Killed Menkaure
  3880 | D:4      | Found a glowing drain.
  3887 | Sewer    | Entered a sewer
  4701 | D:4      | Noticed Grinder
  4705 | D:4      | Killed Grinder
  4706 | D:4      | Reached XP level 9. HP: 26/55 MP: 0/0
  4706 | D:4      | Learned a level 3 spell: Hailstorm
  4854 | D:4      | Noticed Dowan
  4856 | D:4      | Noticed Duvessa
  4860 | D:4      | Killed Dowan
  4866 | D:4      | Killed Duvessa
  4866 | D:4      | Killed by an exploding Duvessa... ignited by their inner
                  | flame

Illustrated notes

Levels and vault maps discovered:
D:1:      dpeg_arrival_simpleton_a, layout_loops_ring,
          ebering_ecumenical_altar_webs, minmay_liquid_box, st_stairs_12,
          chequers_jeans, chequers_serial_rivers_room_b, chequers_arboretum,
          minmay_misc_feat_cross, kennysheep_crisscross
D:2:      layout_loops_corners, grunt_ministairs_13, nrook_loot_triangle
D:3:      kennysheep_goblin_castle, layout_rooms, mainiacjoe_overflow_alcove_3,
          mainiacjoe_overflow_tiny_flanked, kennysheep_flooded_box
D:4:      layout_loops_ring, gup_sewer_entry_pipe, uniq_duvessa, uniq_pikel,
          uniq_grinder, uniq_sigmund, uniq_menkaure

Skill      XL: |  1  2  3  4  5  6  7  8 |
---------------+-------------------------+-----
Stealth        | 2 |  2.0
Spellcasting   | 4 5 6 8 |  8.9
Conjurations   | 4 5 6 8 |  8.9
Hexes          | 4 5 6 8 |  8.9
Summonings     | 4 5 6 8 |  8.9
Necromancy     | 4 5 6 8 |  8.9
Translocations | 4 5 6 8 |  8.9
Fire Magic     | 4 5 6 8 |  8.9
Ice Magic      | 4 5 6 8 |  8.9
Air Magic      | 4 5 6 8 |  8.9
Earth Magic    | 4 5 6 8 |  8.9
Alchemy        | 4 5 6 8 |  8.9
Dodging        | |  2.7

Action                     |  1- 3 |  4- 6 |  7- 9 || total
---------------------------+-------+-------+-------++-------
  Melee: Unarmed           |    12 |       |       ||    12
   Cast: Foxfire           |   120 |   109 |   158 ||   387
         Scorch            |       |     9 |    17 ||    26
         Inner Flame       |       |     4 |    17 ||    21
    Use: Scroll            |       |     8 |       ||     8
 Armour: Robe              |    11 |     3 |     8 ||    22
  Dodge: Dodged            |     4 |     5 |     3 ||    12

Table legend: (Time is in decaauts)
 A = Elapsed time spent in this place.
 B = Non-inter-level travel time spent in this place.
 C = Inter-level travel time spent in this place.
 D = Time resting spent in this place.
 E = Time spent auto-exploring this place.
 F = Levels seen in this place.
 G = Mean time per level.
                   A        B        C        D        E       F      G
               +--------+--------+--------+--------+--------+-----+--------+
         Total |   4865 |   4655 |    210 |    193 |   3765 |   5 |  973.0 |
       Dungeon |   4163 |   3953 |    210 |    193 |   3216 |   4 | 1040.8 |
         Sewer |    701 |    701 |      0 |      0 |    549 |   1 |  701.0 |
               +--------+--------+--------+--------+--------+-----+--------+

Top non-repeatable levels by time:
     D:1: 1155 daAuts
     D:2: 1092 daAuts
     D:3: 1039 daAuts
     D:4: 877 daAuts
   Sewer: 701 daAuts
